 Dungeon Crawl Stone Soup version 0.23-a0-584-g44dd78f (webtiles) character file.

3224 gruber the Geomancer (level 9, 0/45 HPs)
             Began as a Gargoyle Earth Elementalist on Dec 16, 2018.
             Killed from afar by Harold (9 damage)
             ... with a harpoon shot
             ... on level 7 of the Dungeon on Dec 17, 2018.
             The game lasted 00:20:19 (8431 turns).

gruber the Geomancer (Gargoyle Earth Elementalist)  Turns: 8431, Time: 00:20:21

Health: 0/45       AC:  8    Str: 12    XL:     9   Next: 98%
Magic:  13/21      EV: 12    Int: 19    God:
Gold:   356        SH:  0    Dex: 10    Spells: 4/24 levels left

rFire    + . .     SeeInvis .   C - staff of earth
rCold    . . .     Gourm    .   (no shield)
rNeg     + . .     Faith    .   y - +0 robe {rF+}
rPois    ∞         Spirit   .   (no helmet)
rElec    +         Reflect  .   (no cloak)
rCorr    .         Harm     .   (no gloves)
MR       .....                  (no boots)
Stlth    ++........             (no amulet)
HPRegen  0.15/turn              (no ring)
MPRegen  0.17/turn              (no ring)

@: no status effects
A: negative energy resistance 1, electricity resistance, unbreathing,
petrification resistance, rot immunity, AC +6
a: no special abilities


You were on level 7 of the Dungeon.
You were near starving.

You visited 2 branches of the dungeon, and saw 8 of its levels.

You collected 356 gold pieces.

Inventory:

Hand Weapons
 f - a +0 whip
Missiles
 b - 63 stones (quivered)
Armour
 c - a +0 robe
 n - a +0 shield
 y - a +0 robe of fire resistance (worn)
Magical Staves
 C - an uncursed staff of earth (weapon)
Jewellery
 w - an uncursed ring of fire {unknown}
 A - an uncursed amulet of harm {unknown}
Wands
 z - a wand of polymorph (10)
Scrolls
 a - 7 scrolls of identify {unknown}
 h - 3 scrolls of noise {unknown}
 i - a scroll of teleportation {unknown}
 o - a scroll of enchant armour {unknown}
 q - 3 scrolls of remove curse {unknown}
 r - a scroll of blinking {unknown}
 s - 3 scrolls of magic mapping {unknown}
 t - a scroll of enchant weapon {unknown}
 u - a scroll of random uselessness {unknown}
 D - a scroll of amnesia {unknown}
Potions
 e - a potion of heal wounds {unknown}
 g - 2 potions of haste {unknown}
 j - 3 potions of degeneration {unknown}
 k - a potion of ambrosia {unknown}
 l - a potion of invisibility {unknown}
 m - a potion of cancellation {unknown}
 p - 2 potions of agility {unknown}
 v - a potion of curing {unknown}
 x - a potion of flight {unknown}
 B - a potion of resistance {unknown}
Comestibles
 d - 14 rations


   Skills:
 - Level 4.0(5.4) Maces & Flails
 * Level 5.5(6.2) Staves
 - Level 1.5 Dodging
 - Level 2.1 Stealth
 - Level 8.2 Spellcasting
 - Level 0.7 Transmutations
 - Level 10.0 Earth Magic


You had 4 spell levels left.
You knew the following spells:

 Your Spells              Type           Power        Failure   Level  Hunger
a - Sandblast             Erth           ######       1%          1    None
b - Stone Arrow           Conj/Erth      #####.       3%          3    None
c - Lee's Rapid Deconstr  Erth           ######....   4%          5    #####..
d - Petrify               Tmut/Erth      #####...     10%         4    ###....
e - Sticky Flame          Conj/Fire      #.......     65%         4    ###....
f - Conjure Flame         Conj/Fire      #.......     26%         3    None

Your spell library contained the following spells:

 Spells                   Type           Power        Failure   Level  Hunger
 Passwall                 Tmut/Erth      #####...     1%          2    None
 Flame Tongue             Conj/Fire      #....        9%          1    None
 Throw Flame              Conj/Fire      #.....       14%         2    None
 Inner Flame              Hex/Fire       #.......     26%         3    None
 Fireball                 Conj/Fire      #.........   94%         5    #####..


Dungeon Overview and Level Annotations

Branches:
Dungeon (7/15)             Temple (1/1) D:5

Altars:
Ashenzari
Cheibriados
Dithmenos
Elyvilon
Fedhas
Gozag
Hepliaklqana
Kikubaaqudgha
Makhleb
Nemelex Xobeh
Okawaru
Qazlal
Sif Muna
Trog
Uskayaw
Xom
Yredelemnul
Zin
The Shining One

Annotations:
D:7 Harold


Innate Abilities, Weirdness & Mutations

You are resistant to torment.
Your stone body is resilient. (AC +6)
You are immune to poison.
You resist negative energy. (rN+)
You are resistant to electric shocks. (rElec)
You can survive without breathing.
You are immune to petrification.
You are immune to rotting.


Message History

The harpoon shot hits you!
You are yanked forward by the harpoon shot.
Found a diamond ring.
Found an escape hatch in the ceiling.
Unknown command.
Casting: Petrify (safe; 10% risk of failure)
Confirm with . or Enter, or press ? or * to list all spells.
Aiming: Petrify (safe; 10% risk of failure)
Press: ? - help, Shift-Dir - straight line, f/p - Harold
Aim: Harold, wielding a +0 battleaxe and wearing a +0 scale mail (chance to You feel a surge of power!
Harold is moving more slowly.
Harold hits you with a +0 battleaxe!
Unknown command.
Harold casts a spell at you. The harpoon shot hits you!
* * * LOW HITPOINT WARNING * * *
You are yanked forward by the harpoon shot.
You see here a metallic cyan potion.
Harold points at you and mumbles some strange words.
The harpoon shot hits you!
You die...

##.#.......
#......<.# #..
...... ##.
.p...# ######
#......#
.....#####
...#@#
####.....#
#.##.# #####.#
#.##!# #.#
#.##@# #.#
#.##.## #.#
#.#...## #.#
#......##
#.####.......###
#..............#
###.(....<...#.#
#(###.......#..
#.# ##...#.###.


You could see Harold (petrifying).

Vanquished Creatures
  Pikel (D:7)
  Sigmund (D:6)
  A wyvern (D:7)
  4 ice beasts
  An orc warrior (D:6)
  A sky beast (D:4)
  4 ogres
  A centaur (D:7)
  A bullfrog (D:6)
  3 scorpions
  A howler monkey (D:6)
  3 jellies
  2 crimson imps
  8 orc priests
  3 hounds
  An iguana (D:4)
  9 orc wizards
  10 worker ants
  A hound zombie (D:6)
  A hound skeleton (D:4)
  A worker ant zombie (D:7)
  A howler monkey zombie (D:5)
  5 adders
  A howler monkey skeleton (D:4)
  A shadow imp (D:5)
  10 oozes (D:2)
  3 dart slugs
  A worm (D:3)
  6 leopard geckos
  17 orcs
  A ball python (D:4)
  7 bats
  4 giant cockroaches
  6 goblins
  7 hobgoblins
  10 jackals
  4 quokkas
  6 frilled lizards
  A jackal zombie (D:6)
  14 kobolds
  A quokka skeleton (D:5)
  3 rats
167 creatures vanquished.

Vanquished Creatures (others)
  3 fungi (D:2)
  6 toadstools (D:2)
9 creatures vanquished.

Grand Total: 176 creatures vanquished

Notes
Turn   | Place    | Note
-------+----------+-------------------------------------------
     0 | D:1      | gruber the Gargoyle Earth Elementalist began the quest for
                  | the Orb.
     0 | D:1      | Reached XP level 1. HP: 10/10 MP: 3/3
   643 | D:1      | Reached skill level 1 in Maces & Flails
   643 | D:1      | Reached XP level 2. HP: 15/15 MP: 1/5
   978 | D:2      | Reached XP level 3. HP: 19/19 MP: 0/6
  1002 | D:2      | Found a shattered altar of Ashenzari.
  1198 | D:2      | Reached XP level 4. HP: 24/24 MP: 7/7
  1799 | D:2      | Learned a level 3 spell: Stone Arrow
  1897 | D:2      | Reached skill level 4 in Earth Magic
  1897 | D:2      | Reached XP level 5. HP: 19/28 MP: 3/8
  2128 | D:2      | Reached skill level 5 in Earth Magic
  2716 | D:3      | Reached XP level 6. HP: 32/32 MP: 6/9
  2751 | D:3      | Reached skill level 6 in Earth Magic
  3003 | D:4      | Learned a level 5 spell: Lee's Rapid Deconstruction
  3337 | D:4      | Reached skill level 7 in Earth Magic
  3532 | D:4      | Reached XP level 7. HP: 36/36 MP: 8/10
  3570 | D:4      | Reached skill level 8 in Earth Magic
  4205 | D:5      | Entered Level 5 of the Dungeon
  4205 | D:5      | Found an ancient bone altar of Kikubaaqudgha.
  4205 | D:5      | Found a hide-covered altar of Uskayaw.
  4227 | D:5      | Reached XP level 8. HP: 37/41 MP: 7/15
  4409 | D:4      | Reached skill level 5 in Spellcasting
  4879 | D:5      | Found a burning altar of Makhleb.
  4955 | D:5      | Found a bloodstained altar of Trog.
  5222 | D:5      | Found a staircase to the Ecumenical Temple.
  5377 | Temple   | Entered the Ecumenical Temple
  5514 | Temple   | Upgraded the game from 0.23-a0-582-g1b4a0ca to
                  | 0.23-a0-584-g44dd78f
  6016 | D:6      | Noticed Sigmund
  6049 | D:6      | Found a glowing golden altar of the Shining One.
  6329 | D:6      | Reached XP level 9. HP: 41/45 MP: 18/20
  6368 | D:6      | Learned a level 4 spell: Petrify
  6373 | D:6      | Learned a level 4 spell: Sticky Flame
  6377 | D:6      | Learned a level 3 spell: Conjure Flame
  6579 | D:6      | Found a sparkling altar of Nemelex Xobeh.
  6954 | D:6      | Killed Sigmund
  6954 | D:6      | Reached skill level 9 in Earth Magic
  7184 | D:6      | Found a white marble altar of Elyvilon.
  7353 | D:6      | Found a hide-covered altar of Uskayaw.
  7447 | D:5      | Found a stormy altar of Qazlal.
  7517 | D:7      | Noticed Harold
  7655 | D:7      | Reached skill level 10 in Earth Magic
  7802 | D:7      | Reached skill level 1 in Staves
  8002 | D:7      | Found an iron altar of Okawaru.
  8018 | D:7      | Found a shadowy altar of Dithmenos.
  8098 | D:7      | Noticed Pikel
  8140 | D:7      | Killed Pikel
  8140 | D:7      | Reached skill level 5 in Staves
  8431 | D:7      | Killed from afar by Harold

Vault maps used:
D:1:      eino_arrival_water_star
D:2:      cheibrodos_fertilizer, ashenzari_conservatory_becter
D:3:      first_ration
D:5:      nicolae_overflow_hidden_temple,
          chequers_temple_overflow_statue_of_worship, temple_pool_b,
          basic_altar, trog_three_pillars_becter
D:6:      kennysheep_mini_moat, nemelex_xobeh_ov_fountains_minmay,
          lemuel_doored_altar, basic_altar, uniq_sigmund
D:7:      grunt_dithmenos_smoke, basic_altar, uniq_harold, uniq_pikel
Temple:   chequers_temple_sunken

Skill      XL: |  1  2  3  4  5  6  7  8  9 |
---------------+----------------------------+-----
Maces & Flails | 1 2 3 4 |  4.0
Earth Magic    | 4 5 7 8 10 | 10.0
Spellcasting   | 4 7 8 |  8.2
Staves         | 5 |  5.5
Dodging        | |  1.5
Stealth        | |  2.1
Transmutations | |  0.7

Action                   |  1- 3 |  4- 6 |  7- 9 || total
-------------------------+-------+-------+-------++-------
Melee: Whip              |    59 |   135 |   160 ||   354
       Unarmed           |     8 |       |       ||     8
       Staff             |       |       |    27 ||    27
 Cast: Sandblast         |    23 |    67 |    73 ||   163
       Stone Arrow       |       |     1 |    54 ||    55
       Petrify           |       |       |     7 ||     7
       Lee's Rapid Decon |       |       |     4 ||     4
 Stab: Sleeping          |       |     3 |     2 ||     5
       Petrified         |       |       |     6 ||     6
  Eat: Chunk             |       |     9 |    17 ||    26
Armor: Robe              |    31 |    49 |    67 ||   147
Dodge: Dodged            |    47 |    86 |   136 ||   269

Table legend:
 A = Non-vault XP
 B = Vault XP
 C = Vault XP percentage of total XP
 D = Non-vault monster count
 E = Vault monster count
 F = Vault count percentage of total count
                 A         B        C        D         E       F
            +---------+---------+-------+---------+---------+-------
      Total |    3585 |    1021 |  22.2 |     145 |      22 |  13.2
            +---------+---------+-------+---------+---------+-------
        D:1 |      24 |       0 |   0.0 |      14 |       0 |   0.0
        D:2 |      54 |     173 |  76.2 |      17 |      20 |  54.1
        D:3 |     199 |       0 |   0.0 |      27 |       0 |   0.0
        D:4 |     905 |       0 |   0.0 |      26 |       0 |   0.0
        D:5 |     596 |       0 |   0.0 |      28 |       0 |   0.0
        D:6 |    1068 |     231 |  17.8 |      22 |       1 |   4.3
        D:7 |     739 |     617 |  45.5 |      11 |       1 |   8.3
            +---------+---------+-------+---------+---------+-------
